Map: Orbital Shipyard

Players

CunningStunt

  • Race: Protoss Protoss
  • League: Gold

salmOn - Winner!

  • Race: Zerg Zerg
  • League: Gold

VOD

Have the link to the VOD?

Description

Time

  • Played on: Sept. 5, 2015, 9:53 a.m.
  • Length: 17:09
Show
View Real Time Build Order
Export as new Build Order

CunningStunt Protoss 

Build Orders: 1 Gate Expand 

Get SALT Encoding   

  12  0:00  Probe (Chrono Boost)  
  13  0:10  Probe (Chrono Boost)  
  14  0:21  Pylon  
  14  0:22  Probe (Chrono Boost)  
  15  0:39  Probe (Chrono Boost)  
  16  0:49  Probe (Chrono Boost), Gateway  
  17  0:59  Probe (Chrono Boost)  
  18  1:09  Probe (Chrono Boost)  
  19  1:19  Probe (Chrono Boost)  
  20  1:30  Nexus  
  20  1:38  Pylon  
  20  1:41  Probe (Chrono Boost)  
  20  1:42  Cybernetics Core  
  21  1:51  Probe (Chrono Boost), Assimilator  
  22  1:54  Assimilator  
  22  2:01  Probe (Chrono Boost)  
  22  2:02  Zealot  
  25  2:11  Probe (Chrono Boost)  
  26  2:21  Probe (Chrono Boost)  
  27  2:31  Stalker  
  27  2:32  Probe (Chrono Boost)  
  30  2:42  Probe (Chrono Boost)  
  30  2:43  Probe (Chrono Boost)  
  32  2:48  Warp Gate  
  32  2:52  Probe (Chrono Boost)  
  32  2:53  Probe (Chrono Boost)  
  34  3:02  Probe (Chrono Boost)  
  35  3:09  Probe (Chrono Boost)  
  36  3:20  Robotics Facility  
  36  3:21  Probe x2 (Chrono Boost)  
  36  3:23  Pylon  
  38  3:28  Adept  
  38  3:31  Probe (Chrono Boost)  
  38  3:32  Probe (Chrono Boost)  
  42  3:41  Pylon  
  42  3:42  Mothership Core (Chrono Boost)  
  42  3:43  Probe (Chrono Boost)  
  42  3:45  Gateway  
  42  3:47  Gateway  
  45  3:48  Pylon  
  45  3:50  Assimilator  
  45  3:53  Probe (Chrono Boost)  
  46  3:56  Assimilator  
  46  3:57  Adept  
  46  4:01  Probe (Chrono Boost)  
  49  4:04  Probe (Chrono Boost)  
  50  4:11  Probe (Chrono Boost)  
  50  4:13  Gateway  
  50  4:15  Probe (Chrono Boost)  
  50  4:16  Gateway  
  52  4:18  Twilight Council  
  52  4:22  Probe (Chrono Boost)  
  53  4:25  Probe (Chrono Boost)  
  54  4:32  Probe (Chrono Boost), Pylon  
  54  4:34  Observer (Chrono Boost)  
  56  4:39  Probe  
  56  4:43  Probe  
  58  4:49  Probe  
  58  4:52  Immortal (Chrono Boost)  
  59  4:55  Probe  
  59  4:59  Probe  
  65  5:07  Probe  
  65  5:08  Templar Archives  
  65  5:13  Pylon  
  66  5:15  Probe  
  66  5:19  Probe, Pylon  
  68  5:24  Warp Prism (Chrono Boost)  
  68  5:26  Probe  
  71  5:41  Probe, Shield Upgrade  
  71  5:43  Probe  
  73  5:53  Probe  
  73  5:55  Immortal (Chrono Boost), Probe  
  79  6:03  Probe  
  79  6:04  Psionic Storm  
  79  6:07  High Templar  
  79  6:08  Nexus, High Templar  
  79  6:10  Adept  
  79  6:11  Adept x2  
  90  6:12  Pylon  
  90  6:16  Probe  
  90  6:18  Probe, Pylon  
  86  6:27  Immortal (Chrono Boost)  
  90  6:42  Charge  
  90  6:45  Stalker x2  
  94  6:51  Pylon  
  94  6:52  Pylon  
  94  6:53  Pylon  
  94  7:00  Pylon  
  94  7:04  Pylon  
  94  7:14  Immortal (Chrono Boost)  
  98  7:23  Forge  
  98  7:24  Forge  
  98  7:29  Gateway  
  98  7:33  Stalker x2  
  98  7:34  Stalker  
  90  7:54  Nexus  
  90  7:57  Probe  
  90  7:59  Probe, Pylon  
  92  8:06  Pylon  
  92  8:08  Protoss Ground Weapons Level 1, Protoss Ground Armor Level 1  
  92  8:09  Pylon  
  92  8:11  Probe  
  93  8:14  Pylon  
  93  8:18  Assimilator  
  93  8:24  Assimilator  
  93  8:27  Gateway  
  93  8:28  Gateway, Blink  
  93  8:32  High Templar x4  
  101  8:35  Zealot x2  
  101  8:37  Immortal (Chrono Boost)  
  109  8:52  Gateway  
  109  8:53  Gateway  
  109  8:58  Gateway  
  109  8:59  Gateway  
  109  9:01  Probe  
  109  9:03  Probe  
  95  9:23  Probe  
  93  9:25  Probe  
  93  9:30  Immortal (Chrono Boost)  
  99  9:36  Robotics Bay  
  99  9:39  Gateway  
  99  9:43  Gateway, High Templar x2  
  99  9:44  Gateway  
  99  9:45  Zealot x3  
  107  9:46  Zealot x3  
  115  10:02  Immortal (Chrono Boost)  
  119  10:14  Zealot x3  
  119  10:15  Zealot x5  
  125  10:21  High Templar x2  
  127  10:35  Disruptor (Chrono Boost)  
  117  10:42  High Templar x2  
  120  10:43  Zealot x2, High Templar  
  120  10:44  Zealot  
  108  11:05  Observer (Chrono Boost)  
  107  11:23  Observer (Chrono Boost)  
  96  11:40  Disruptor (Chrono Boost)  
  98  11:54  Stalker x5  
  102  11:55  Stalker x2  
  102  11:56  Stalker  
  114  12:10  Pylon  
  114  12:11  Observer (Chrono Boost), Pylon  
  114  12:12  Protoss Ground Armor Level 2 (Chrono Boost), Protoss Ground Weapons Level 2 (Chrono Boost)  
  115  12:21  Zealot x3  
  115  12:22  Zealot x5  
  131  12:34  Pylon  
  131  12:38  Pylon  
  131  12:42  Photon Cannon  
  131  12:44  Photon Cannon  
  131  12:48  High Templar x3  
  131  12:49  High Templar  
  118  13:06  Stalker x4  
  118  13:07  Stalker x2  
  114  13:33  Gateway  
  114  13:34  Gateway, Pylon  
  114  13:36  Gateway  
  114  13:37  Pylon x2  
  114  13:38  Gateway  
  114  13:39  Nexus  
  114  13:41  Pylon  
  114  13:42  High Templar x2  
  114  13:43  High Templar x3  
  114  13:44  Zealot x3  
  114  13:45  Pylon, Zealot x3  
  114  13:48  Pylon  
  136  13:54  Nexus  
  136  14:00  Pylon  
  136  14:03  Pylon  
  136  14:06  Assimilator x2  
  136  14:12  Immortal  
  136  14:14  Pylon  
  140  14:17  High Templar x4  
  140  14:19  Pylon, Archon x2  
  147  14:26  Pylon  
  81  15:22  High Templar x5  
  81  15:23  High Templar  
  81  15:24  Zealot x2  
  81  15:25  Zealot x3  
  103  15:36  Mothership Core  
  101  15:55  Immortal (Chrono Boost)  
  99  16:01  Archon  
  81  16:04  Zealot x2  
  81  16:05  Zealot x7  
  81  16:06  Zealot x2  
  70  16:29  Stalker x5  
  70  16:31  Zealot  
  70  16:32  Immortal (Chrono Boost)  
  75  16:55  High Templar  
  75  16:56  High Templar  
  77  17:02  Archon  
Show
View Real Time Build Order
Export as new Build Order

salmOn Zerg - Winner!

Build Orders: Hatch First 

Get SALT Encoding   

  12  0:01  Drone  
  13  0:13  Overlord  
  13  0:17  Drone  
  14  0:31  Drone x2  
  16  0:36  Drone  
  17  0:53  Hatchery  
  17  0:56  Drone  
  17  1:09  Extractor  
  16  1:11  Spawning Pool  
  16  1:13  Drone  
  16  1:18  Drone  
  17  1:22  Drone  
  18  1:31  Overlord  
  18  1:42  Drone  
  19  1:58  Queen  
  21  2:03  Zergling x2  
  21  2:05  Queen  
  21  2:07  Drone x2  
  26  2:13  Drone  
  27  2:21  Drone  
  28  2:26  Drone  
  29  2:31  Roach Warren  
  29  2:32  Drone  
  29  2:34  Drone  
  30  2:38  Drone  
  31  2:46  Drone  
  31  2:49  Lair  
  31  2:50  Drone  
  33  2:55  Drone  
  34  3:00  Drone  
  35  3:07  Drone  
  35  3:08  Overlord  
  35  3:11  Extractor  
  35  3:13  Extractor  
  35  3:14  Drone, Extractor  
  35  3:15  Drone x2  
  36  3:23  Evolution Chamber  
  36  3:26  Evolution Chamber, Drone x4  
  38  3:30  Overlord  
  38  3:35  Queen  
  38  3:40  Drone x2  
  42  3:42  Drone  
  42  3:46  Drone  
  44  3:48  Glial Reconstitution  
  44  4:05  Roach x2  
  44  4:06  Hatchery  
  44  4:07  Drone  
  48  4:20  Drone x2  
  48  4:21  Zerg Missile Weapons Level 1  
  50  4:24  Zerg Ground Armor Level 1  
  50  4:27  Drone  
  50  4:28  Drone, Overlord x2  
  52  4:42  Overseer  
  52  4:49  Roach  
  52  4:50  Roach x5  
  64  4:57  Hydralisk Den  
  63  5:09  Roach  
  63  5:10  Roach  
  63  5:11  Overlord  
  66  5:21  Drone  
  66  5:22  Drone x6  
  66  5:23  Overlord  
  73  5:28  Queen  
  75  5:44  Overlord x2  
  75  5:46  Roach x5  
  85  5:57  Muscular Augments  
  85  5:59  Drone x2  
  85  6:00  Drone x2, Overlord  
  85  6:03  Roach  
  91  6:07  Drone  
  91  6:08  Drone x2  
  94  6:28  Hydralisk  
  94  6:29  Hydralisk x3  
  94  6:30  Drone  
  94  6:31  Drone x3  
  106  6:33  Hydralisk x2  
  106  6:34  Extractor  
  106  6:36  Extractor  
  108  6:43  Drone x2  
  108  6:44  Spine Crawler, Zerg Missile Weapons Level 2  
  108  6:45  Spine Crawler  
  108  6:49  Spine Crawler  
  107  7:00  Ravager  
  107  7:01  Ravager x2  
  110  7:08  Drone x2, Spore Crawler  
  111  7:10  Drone x2, Spore Crawler  
  111  7:11  Drone x2  
  106  7:41  Hydralisk, Roach x6  
  98  7:51  Hydralisk  
  98  7:52  Hydralisk x2  
  98  7:53  Hydralisk, Roach  
  98  7:54  Overlord x2  
  98  7:57  Lurker Den  
  98  7:58  Hydralisk  
  103  8:01  Overlord x2  
  103  8:02  Overlord  
  103  8:03  Zerg Ground Armor Level 2  
  105  8:21  Hydralisk x3  
  105  8:22  Hydralisk x6, Roach  
  105  8:25  Overseer  
  125  8:35  Hydralisk  
  125  8:36  Hydralisk x3  
  133  8:50  Hatchery  
  132  8:59  Pneumatized Carapace, Infestation Pit  
  129  9:14  Hydralisk x2  
  129  9:15  Hydralisk, Roach  
  129  9:16  Hydralisk x2, Roach x10  
  125  9:30  Lurker x2  
  127  9:59  Drone  
  129  10:00  Drone x9, Overlord x2  
  129  10:01  Queen  
  139  10:22  Hydralisk, Roach  
  139  10:23  Hydralisk x3, Roach x6  
  141  10:56  Hydralisk x3  
  135  10:57  Roach x2  
  135  10:58  Roach x4  
  106  11:45  Hive, Hydralisk x2  
  106  11:46  Hydralisk, Roach  
  106  11:47  Hydralisk x2, Roach  
  105  11:48  Hydralisk x11, Roach x4  
  105  11:51  Drone x2  
  105  11:52  Drone x5, Extractor  
  105  11:53  Drone  
  105  11:54  Extractor  
  139  12:09  Hydralisk x3  
  139  12:10  Roach  
  139  12:11  Roach x6  
  139  12:13  Overlord  
  139  12:14  Overlord x3  
  159  12:20  Drone  
  160  12:37  Overseer  
  146  13:07  Hydralisk  
  146  13:08  Hydralisk x2, Roach  
  146  13:09  Hydralisk x13, Roach x4  
  146  13:11  Hydralisk, Roach  
  146  13:12  Roach x2  
  158  13:13  Roach x5  
  167  13:20  Drone x3, Spire  
  167  13:26  Zerg Missile Weapons Level 3  
  168  13:30  Zerg Ground Armor Level 3  
  168  13:38  Viper  
  168  13:39  Roach  
  168  13:41  Viper  
  176  14:09  Hatchery  
  175  14:29  Extractor  
  174  14:33  Extractor  
  149  15:03  Hydralisk x2  
  149  15:04  Hydralisk, Roach  
  149  15:05  Hydralisk x8, Roach x8  
  149  15:27  Hatchery  
  130  16:02  Hydralisk  
  130  16:03  Hydralisk, Roach  
  134  16:04  Roach x6  
  128  16:18  Hydralisk, Roach x2  
  128  16:19  Hydralisk x2, Roach x2  
  128  16:20  Roach x9  
  144  16:41  Hydralisk, Roach  
Tags
 
Add a new tag
Caveats
  • Supply blocks, unpowered buildings, or Contaminate may cause inaccurate times.
  • Supply counts are checked every 10 seconds.